 Dungeon Crawl Stone Soup version 0.31-a0-845-g9abc20d24f (webtiles) character file.

Game seed: 3798876294093338039

37 mcwallace the Chiller (level 3, -2/28 HPs)
             Began as a Draconian Ice Elementalist on Oct 1, 2023.
             Slain by a cerulean imp
             ... wielding a +2 spear
             ... summoned by Natasha
              (3 damage)
             ... on level 2 of the Dungeon.
             The game lasted 00:01:35 (1452 turns).

mcwallace the Chiller (Draconian Ice Elementalist)  Turns: 1452, Time: 00:01:36

Health: -2/28      AC:  5    Str: 10    XL:     3   Next: 21%
Magic:  6/6        EV: 12    Int: 17    God:
Gold:   51         SH:  0    Dex: 11    Spells: 5/6 levels left

rFire   . . .        e - +0 dagger {short}
rCold   . . .        (no shield)
rNeg    . . .        (body armour unavailable)
rPois   .            (helmet restricted)
rElec   .            (no cloak)
rCorr   .            (no gloves)
SInv    .            (no boots)
Will    .....        f - amulet of regeneration {@e2}
Stlth   ++           (no ring)
HPRegen 1.04/turn    (no ring)
MPRegen 0.10/turn

%: no passive effects
@: slowed, very slow
A: AC +5, unfitting armour, cold-blooded
a: no special abilities


You were on level 2 of the Dungeon.
You visited 1 branch of the dungeon, and saw 2 of its levels.

You collected 51 gold pieces.


Innate Abilities, Weirdness & Mutations

Your plain brown scales are hard. (AC +5)
You cannot fit into any form of body armour.
You are cold-blooded and may be slowed by cold attacks.


   Skills:
 + Level 1.4 Fighting
 + Level 2.2 Dodging
 - Level 1.7 Stealth
 + Level 2.4 Spellcasting
 + Level 4.2 Ice Magic


You had 5 spell levels left.
You knew the following spells:

 Your Spells              Type           Power      Damage    Failure   Level
a - Freeze                Ice            64%        1d7       3%          1

Your spell library contained the following spells:

 Spells                   Type           Power      Damage    Failure   Level
 Frozen Ramparts          Ice            32%        1d5       10%         3
 Ozocubu's Armour         Ice            16%        N/A       10%         3
 Summon Ice Beast         Ice/Summ       9%         N/A       58%         4

Inventory:

Hand Weapons
 c - a +0 whip {mace}
   (You found it on level 1 of the Dungeon)
 e - a +0 dagger (weapon) {short}
   (You took it off a kobold on level 1 of the Dungeon)
Missiles
 d - 23 stones {throwing}
Jewellery
 f - an amulet of regeneration (around neck) {@e2}
   (You found it on level 1 of the Dungeon)
Scrolls
 g - a scroll of poison {unknown}
 i - a scroll of amnesia {unknown}
 k - a scroll of immolation {unknown}
Potions
 a - a potion of magic
 b - a potion of might {unknown}
 h - a potion of brilliance {unknown}
 j - a potion of heal wounds {unknown}

Dungeon Overview and Level Annotations

Branches:
Dungeon (2/15) Zot: 10539

Altars:

Annotations:
D:2 Natasha

#.#.############.....#
# #.#.# #.....# #
#.#.## #.#.### #
#....##### #.#.# #
#........# #.#.# #
####.###.##.## ###.#
#....###.#...### ..
#.##.##..'.♣...###..
#.##....†#..@h......
#.##########.5w.<...
#.# ###.....# #.#
#.♣.## #.# ....# #..
>... ### ... #..


You could see a worm, Natasha and a cerulean imp (summoned).


Message History

j - a viscous orange potion A goblin comes into view.
It is wielding a +0 club.
A goblin is nearby!
A goblin is nearby!
A goblin is nearby!
You see here a +0 scale mail.
You hit the goblin.
The goblin hits you with a +0 club. 😕 HP[-4]
You take 4 damage, and now have 24/28 hp.
You closely miss the goblin.
The goblin hits you but does no damage. 😕 HP[+1]
You hit the goblin.
You kill the goblin! 😕 HP[+1] No target in view!
Key pressed, stopping explore.
No target in view! 😎 HP[+2]
Your hp is fully restored (28).
k - a scroll labelled ZEILAD EWUH A ball python comes into view.
A ball python is nearby!
A ball python is nearby!
A ball python is nearby!
The helpless ball python fails to defend itself.
You hit the ball python.
You kill the ball python!
No target in view!
No target in view!
You open the door.
Natasha, Servant of Life and Death comes into view.
Found a stone staircase leading up.
There is an open door here.
A worm comes into view.
Found a stone staircase leading down.
Natasha hisses angrily.
Natasha claws you but does no damage.
You hit Natasha but do no damage. Natasha casts a spell at you.
You feel yourself slow down.
You hit Natasha but do no damage.
Natasha stares at you and mumbles some strange words.
You feel as though you will be slow longer.
Natasha casts a spell.
There are monsters nearby!
You barely miss Natasha. The cerulean imp barely misses you.
Natasha barely misses you.
You hit Natasha. You tail-slap Natasha. Natasha closely misses you.
The cerulean imp hits you with a +2 spear.
Natasha barely misses you.
The cerulean imp hits you but does no damage. 😕 HP[-3]
You take 3 damage, and now have 25/28 hp.
You hit Natasha. Natasha casts a spell at you.
You feel as though you will be slow longer.
The cerulean imp hits you with a +2 spear.
You hit Natasha. Natasha barely misses you.
The cerulean imp completely misses you.
The cerulean imp hits you with a +2 spear.
Natasha stares at you and mumbles some strange words.
You feel as though you will be slow longer. 😕 HP[+1]
You miss Natasha.
Your tail-slap misses Natasha.
Natasha stares at you and mumbles some strange words.
You feel as though you will be slow longer.
The cerulean imp hits you with a +2 spear. 😕 HP[-1]
You take 1 damage, and now have 25/28 hp.
You barely miss Natasha. Natasha barely misses you.
The cerulean imp hits you with a +2 spear.
Natasha stares at you and mumbles some strange words.
The magic dart hits you!
The cerulean imp hits you with a +2 spear.
* * * LOW HITPOINT WARNING * * *
😨 HP[-13]
You take 13 damage, and now have 12/28 hp.
MASSIVE DAMAGE!! (PAUSE)
You closely miss Natasha. Natasha claws you but does no damage.
The cerulean imp hits you but does no damage. 😨 HP[+1]
You closely miss Natasha. Natasha claws you.
* * * LOW HITPOINT WARNING * * *
The cerulean imp barely misses you. Natasha closely misses you.
The cerulean imp barely misses you. 😨 HP[-4]
You take 4 damage, and now have 9/28 hp.
Unknown command.
You hit Natasha. Natasha claws you.
* * * LOW HITPOINT WARNING * * *
The cerulean imp barely misses you. 😱 HP[-5]
You take 5 damage, and now have 4/28 hp.
You hit Natasha.
Your tail-slap misses Natasha.
Natasha casts a spell at you. The magic dart hits you.
* * * LOW HITPOINT WARNING * * *
The cerulean imp closely misses you.
The cerulean imp hits you with a +2 spear.
You die...

Skill      XL: |  1  2 |
---------------+-------+-----
Dodging        | 2 |  2.2
Fighting       | 1 |  1.4
Stealth        | |  1.7
Spellcasting   | |  2.4
Ice Magic      | |  4.2

Action                     || total
---------------------------++-------
  Melee: Dagger            ||   103
         Whip              ||     3
         Tailslap          ||    12
   Cast: Freeze            ||     3
   Stab: Sleeping          ||     6
 Armour: Skin              ||    76
  Dodge: Dodged            ||    73

Levels and vault maps discovered:
D:1:      ebering_trefoil_3fold, layout_basic, minmay_tromino_i4
D:2:      layout_loops_ring, grunt_ministairs_13, uniq_natasha, uniq_jessica

Notes
Turn   | Place    | Note
-------+----------+-------------------------------------------
     0 | D:1      | mcwallace the Draconian Ice Elementalist began the quest
                  | for the Orb.
     0 | D:1      | Reached XP level 1. HP: 14/14 MP: 3/3
     0 | D:1      | magus.rc [v1.9.6]
   362 | D:1      | Reached skill level 2 in Dodging
   393 | D:1      | Reached XP level 2. HP: 22/22 MP: 5/5
   765 | D:1      | Reached skill level 1 in Fighting
  1383 | D:2      | Reached XP level 3. HP: 28/28 MP: 6/6
  1436 | D:2      | Noticed Natasha
  1451 | D:2      | HP: 4/28 [Natasha (6)]
  1452 | D:2      | HP: 1/28 [Natasha/magic dart (5)]
  1452 | D:2      | Slain by a cerulean imp

Vanquished Creatures
  An adder (D:2)
  A ball python (D:2)
  A bat (D:2)
  2 endoplasms (D:1)
  3 giant cockroaches
  2 goblins
  4 hobgoblins
  A jackal (D:1)
  4 kobolds (D:1)
  A quokka (D:1)
  A frilled lizard (D:1)
  2 rats (D:1)
23 creatures vanquished.

Table legend:
 A = Non-vault XP
 B = Vault XP
 C = Vault XP percentage of total XP
 D = Non-vault monster count
 E = Vault monster count
 F = Vault count percentage of total count
                 A         B        C        D         E       F
            +---------+---------+-------+---------+---------+-------
      Total |      48 |       5 |   9.4 |      20 |       3 |  13.0
            +---------+---------+-------+---------+---------+-------
        D:1 |      25 |       5 |  16.7 |      14 |       3 |  17.6
        D:2 |      23 |       0 |   0.0 |       6 |       0 |   0.0
            +---------+---------+-------+---------+---------+-------

Skill      XL: |  1  2 |
---------------+-------+-----
Dodging        | 2 |  2.2
Fighting       | 1 |  1.4
Stealth        | |  1.7
Spellcasting   | |  2.4
Ice Magic      | |  4.2

Action                     || total
---------------------------++-------
  Melee: Dagger            ||   103
         Whip              ||     3
         Tailslap          ||    12
   Cast: Freeze            ||     3
   Stab: Sleeping          ||     6
 Armour: Skin              ||    76
  Dodge: Dodged            ||    73

Illustrated notes

Table legend:
 A = Kills in this place as a percentage of kills in the entire game.
 B = Kills by you in this place as a percentage of kills by you in the entire game.
 C = Kills by friends in this place as a percentage of kills by friends in the entire game.
 D = Other kills in this place as a percentage of other kills in the entire game.
 E = Experience gained in this place as a percentage of experience gained in the entire game.
 F = Experience gained in this place divided by the number of levels of this place that you have seen.
                   A       B       C       D       E      F
               +-------+-------+-------+-------+-------+----------------------
         Total | 100.0 | 100.0 |   N/A |   N/A | 100.0 |  26.5
       Dungeon | 100.0 | 100.0 |   N/A |   N/A | 100.0 |  26.5
               +-------+-------+-------+-------+-------+----------------------

Table legend: (Time is in decaauts)
 A = Elapsed time spent in this place.
 B = Non-inter-level travel time spent in this place.
 C = Inter-level travel time spent in this place.
 D = Time resting spent in this place.
 E = Time spent auto-exploring this place.
 F = Levels seen in this place.
 G = Mean time per level.
                   A        B        C        D        E       F      G
               +--------+--------+--------+--------+--------+-----+--------+
         Total |   1458 |   1371 |     87 |    100 |   1045 |   2 |  729.0 |
       Dungeon |   1458 |   1371 |     87 |    100 |   1045 |   2 |  729.0 |
               +--------+--------+--------+--------+--------+-----+--------+

Top non-repeatable levels by time:
     D:1: 1340 daAuts
     D:2: 118 daAuts
